 Dungeon Crawl Stone Soup version 0.25-a0-294-gea9b1ad378 (webtiles) character file.

Game seed: 1345974240189276191, levelgen mode: deterministic

99 mopl the Digger (level 4, 0/39 HPs)
             Began as a Troll Earth Elementalist on Dec 16, 2019.
             Succumbed to an adder's poison
             ... on level 3 of the Dungeon.
             The game lasted 00:03:13 (1611 turns).

mopl the Digger (Troll Earth Elementalist)          Turns: 1611, Time: 00:03:14

Health: 0/39       AC:  6    Str: 16    XL:     4   Next: 45%
Magic:  10/14      EV: 10    Int: 12    God:
Gold:   108        SH:  0    Dex: 10    Spells: 3/6 levels left

rFire    . . .     SeeInvis .     - Unarmed
rCold    . . .     Gourm    +   (no shield)
rNeg     . . .     Faith    .   c - +0 robe
rPois    .         Spirit   .   (helmet restricted)
rElec    .         Reflect  .   (no cloak)
rCorr    .         Harm     .   (gloves unavailable)
MR       .....                  (boots unavailable)
Stlth    ..........             (no amulet)
HPRegen  0.53/turn              f - ring of attention (curse)
MPRegen  0.14/turn              o - ring of magical power

@: lethally poisoned (0 -> 0)
A: large, unfitting armour, claws 3, fast metabolism 3, gourmand, regeneration
1, shaggy fur 1, tough skin 3
a: no special abilities


You were on level 3 of the Dungeon.
You were very full.

You visited 1 branch of the dungeon, and saw 3 of its levels.

You collected 108 gold pieces.

Inventory:

Hand Weapons
 w - a +1 short sword of electrocution
Missiles
 b - 77 stones (quivered)
 n - 7 boomerangs
 p - 9 poisoned darts
 v - 4 large rocks
Armour
 c - a +0 robe (worn)
Jewellery
 f - a cursed ring of attention (left claw)
 o - a ring of magical power (right claw)
 t - a +6 ring of strength
Scrolls
 e - 2 scrolls of teleportation
 g - a scroll of enchant weapon {unknown}
 j - a scroll of remove curse {unknown}
 m - a scroll of amnesia {unknown}
 u - a scroll of random uselessness {unknown}
Potions
 a - 2 potions of heal wounds {unknown}
 h - a potion of brilliance
 i - a potion of agility
 k - 2 potions of curing {unknown}
 l - 2 potions of lignification {unknown}
 q - a potion of magic {unknown}
 r - a potion of mutation {!q}
Comestibles
 d - 3 rations
 s - 12 chunks of flesh


   Skills:
 - Level 1.5 Dodging
 - Level 1.0 Stealth
 + Level 2.0 Unarmed Combat
 + Level 1.8 Spellcasting
 + Level 1.4 Transmutations
 + Level 3.3 Earth Magic


You had 3 spell levels left.
You knew the following spells:

 Your Spells              Type           Power        Failure   Level  Hunger
a - Sandblast             Erth           #.....       7%          1    ##.....
p - Passwall              Tmut/Erth      #.......     16%         2    ###....

Your spell library contained the following spells:

 Spells                   Type           Power        Failure   Level  Hunger
 Corona                   Hex            #......      28%         1    ##.....
 Ensorcelled Hibernation  Hex/Ice        #.....       38%         2    ###....
 Stone Arrow              Conj/Erth      #.....       38%         3    ####...
 Confuse                  Hex            #.......     63%         3    ####...
 Dazzling Flash           Conj/Hex       #.....       63%         3    ####...
 Tukima's Dance           Hex            #.......     63%         3    ####...
 Petrify                  Tmut/Erth      #.......     71%         4    #####..
 Lee's Rapid Deconstruct  Erth           #.........   89%         5    ######.


Dungeon Overview and Level Annotations

Branches:
Dungeon (3/15)

Altars:
Kikubaaqudgha


Innate Abilities, Weirdness & Mutations

You are too large for most types of armour.
You have claws for hands.
Your metabolism is lightning-fast.
You like to eat raw meat.
Your natural rate of healing is unusually fast.
You are covered in fur. (AC +1)
You have extremely tough skin. (AC +3)


Message History

Casting: Sandblast (safe; 7% risk of failure)
Confirm with . or Enter, or press ? or * to list all spells.
Aiming: Sandblast (safe; 7% risk of failure)
Press: ? - help, Shift-Dir - straight line, f/p - orc
Aim: an orc, wielding a +0 trident and wearing a +0 ring mail (severely wounded)
The blast of sand hits the orc but does no damage.
The orc is severely wounded.
b - 78 stones The orc hits you with a +0 trident.
* * * LOW HITPOINT WARNING * * *
Unknown command.
Casting: Sandblast (safe; 7% risk of failure)
Confirm with . or Enter, or press ? or * to list all spells.
Aiming: Sandblast (safe; 7% risk of failure)
Press: ? - help, Shift-Dir - straight line, f/p - orc
Aim: an orc, wielding a +0 trident and wearing a +0 ring mail (severely wounded)
The blast of sand hits the orc but does no damage.
The orc is severely wounded.
b - 77 stones You die...

.............#
#.#
#.##...###.###
#.#######
#..........#
#........
#####.######
#########
...#.#
#.#.########
#........... .
###.######....
#....@o....#
#.......###.?#
+.#..##.#
###..##.#
....##..
#....##.##
...$.##.##
.#... #


You could see an orc.

Vanquished Creatures
  3 adders
  An ooze (D:1)
  3 worms
  A dart slug (D:3)
  4 leopard geckos
  An orc (D:3)
  4 giant cockroaches
  6 hobgoblins
  4 jackals
  9 kobolds
  4 bats
  4 frilled lizards (D:2)
  3 goblins
  6 rats
53 creatures vanquished.

Notes
Turn   | Place    | Note
-------+----------+-------------------------------------------
     0 | D:1      | mopl the Troll Earth Elementalist began the quest for the
                  | Orb.
     0 | D:1      | Reached XP level 1. HP: 16/16 MP: 1/1
   118 | D:1      | Reached XP level 2. HP: 24/24 MP: 3/3
   125 | D:1      | Learned a level 2 spell: Passwall
   362 | D:1      | Reached skill level 1 in Unarmed Combat
   699 | D:2      | Reached skill level 3 in Earth Magic
   770 | D:2      | Reached skill level 1 in Transmutations
   770 | D:2      | Reached XP level 3. HP: 31/31 MP: 4/4
  1112 | D:2      | Found an ancient bone altar of Kikubaaqudgha.
  1318 | D:2      | Found a faded altar of an unknown god.
  1344 | D:2      | Reached XP level 4. HP: 39/39 MP: 5/5
  1602 | D:3      | Reached skill level 2 in Unarmed Combat
  1610 | D:3      | HP: 1/39 [orc/+0 trident (2)]
  1611 | D:3      | Succumbed to an adder's poison

Levels and vault maps discovered:
D:1:      wander_arrival_lonely_grave, layout_loops_ring
D:2:      layout_basic, marbit_many_paths, chequers_ecumenical_altar_lobes
D:3:      layout_loops_ring, chequers_temple_overflow_statue_of_worship,
          dk_noncrumbling_3, uniq_jessica

Skill      XL: |  1  2  3  4 |
---------------+-------------+-----
Unarmed Combat | 1 2 |  2.0
Earth Magic    | 3 |  3.3
Transmutations | 1 |  1.4
Dodging        | |  1.5
Stealth        | |  1.0
Spellcasting   | |  1.8

Action                   |  1- 3 |  4- 6 || total
-------------------------+-------+-------++-------
Melee: Unarmed           |   136 |    50 ||   186
       Punch             |       |     1 ||     1
 Cast: Sandblast         |     4 |     4 ||     8
  Use: Scroll            |     4 |       ||     4
  Eat: Chunk             |    18 |     2 ||    20
Armor: Robe              |    55 |    11 ||    66
Dodge: Dodged            |    78 |    16 ||    94

Table legend:
 A = Non-vault XP
 B = Vault XP
 C = Vault XP percentage of total XP
 D = Non-vault monster count
 E = Vault monster count
 F = Vault count percentage of total count
                 A         B        C        D         E       F
            +---------+---------+-------+---------+---------+-------
      Total |     129 |      13 |   9.2 |      52 |       1 |   1.9
            +---------+---------+-------+---------+---------+-------
        D:1 |      25 |       0 |   0.0 |      12 |       0 |   0.0
        D:2 |      66 |      13 |  16.5 |      29 |       1 |   3.3
        D:3 |      38 |       0 |   0.0 |      11 |       0 |   0.0
            +---------+---------+-------+---------+---------+-------
